 Dungeon Crawl Stone Soup version 0.32-a0-612-g1c984fe9d1 (console) character file.

Game seed: 10873417585869542585

2021 petzl the Thaumaturge (level 9, -8/57 HPs)
             Began as a Formicid Delver on Mar 4, 2024.
             Mangled by a two-headed ogre
             ... wielding a +0 giant club
              (22 damage)
             ... on level 9 of the Dungeon on Mar 5, 2024.
             The game lasted 00:44:34 (7323 turns).

petzl the Thaumaturge (Formicid Delver)             Turns: 7323, Time: 00:44:34

Health: -8/57      AC:  2    Str: 17    XL:     9   Next: 47%
Magic:  18/23      EV: 12    Int: 14    God:
Gold:   293        SH:  0    Dex: 15    Spells: 23/29 levels left

rFire   + . .        c - +2 dagger (venom) {!f =f}
rCold   + . .        (no shield)
rNeg    . . .        m - +0 leather armour
rPois   +            (helmet unavailable)
rElec   .            u - scarf {rC+ rF+}
rCorr   .            (no gloves)
SInv    +            H - +0 pair of boots
Will    +....        x - amulet of regeneration
Stlth   +++          E - ring of wizardry
HPRegen 1.09/turn    (no ring)
MPRegen 0.18/turn

%: clarity, wizardry (x1)
@: no status effects
A: permanent stasis, dig shafts and tunnels, antennae 3, four strong arms,
clarity, deformed body, frail 1, strong-willed 1, poison resistance
a: Dig, Shaft Self


You were on level 9 of the Dungeon.
You visited 1 branch of the dungeon, and saw 9 of its levels.

You collected 444 gold pieces.
You spent 151 gold pieces at shops.

Inventory:

Hand Weapons
 a - a +0 shortbow
 b - a +4 quarterstaff of chaos
 c - a +2 dagger of venom (weapon) {!f =f}
 g - a +0 sling
 F - a +4 heavy flail
Missiles
 z - 11 poisoned darts (quivered)
Armour
 m - a +0 leather armour (worn)
 u - a scarf of resistance (worn)
 G - a +0 cloak
 H - a +0 pair of boots (worn)
Jewellery
 x - an amulet of regeneration (around neck)
 E - a ring of wizardry (left hand)
Wands
 e - a wand of charming (11)
 B - a wand of quicksilver (1)
 C - a wand of flame (27)
Scrolls
 d - a scroll of revelation
 i - 2 scrolls of butterflies
 j - a scroll of enchant armour
 k - a scroll of vulnerability
 p - a scroll of amnesia
 q - 5 scrolls of identify
 D - 2 scrolls of poison
Potions
 h - 2 potions of degeneration {unknown}
 l - a potion of brilliance
 n - a potion of mutation
 o - a potion of heal wounds
 s - a potion of might
 t - 2 potions of curing {unknown}
 w - a potion of enlightenment {unknown}
 A - a potion of ambrosia {unknown}


   Skills:
 - Level 3.2 Fighting
 - Level 2.0 Maces & Flails
 - Level 4.0 Ranged Weapons
 + Level 2.2 Dodging
 - Level 6.0 Stealth
 - Level 10.5 Spellcasting
 + Level 1.1 Conjurations
 + Level 1.0 Air Magic
 + Level 1.7 Alchemy


You had 23 spell levels left.
You knew the following spells:

 Your Spells              Type           Power      Damage    Failure   Level
m - Mephitic Cloud        Conj/Alch/Air  11%        N/A       9%          3
A - Ozocubu's Armour      Ice            7%         N/A       16%         3

Your spell library contained the following spells:

 Spells                   Type           Power      Damage    Failure   Level
 Dazzling Flash           Conj/Hex       16%        N/A       12%         3
 Fugue of the Fallen      Necr           7%         N/A       16%         3
 Manifold Assault         Tloc           7%         N/A       43%         4
 Silence                  Hex/Air        4%         N/A       69%         5
 Curse of Agony           Necr           7%         N/A       77%         5
 Chain Lightning          Conj/Air       5%         3d6       100%        9
 Fire Storm               Conj/Fire      4%         8d1       100%        9
 Shatter                  Erth           3%         3d7*      100%        9


Dungeon Overview and Level Annotations

Branches:
Dungeon (9/15)                Orc (0/2) D:9
 Temple: D:4-7         Lair: D:8-11

Altars:

Shops:
D:6 :[*   D:8 [

Annotations:
D:4 Duvessa
D:5 exclusion: upstairs
D:6 exclusion: ogre
D:7 exclusion: 3 downstairs
D:8 Joseph


Innate Abilities, Weirdness & Mutations

You cannot be hasted, slowed, berserked, paralysed or teleported.
You can dig through walls and to a lower floor.
You have a pair of large antennae on your head. (SInv)
Your four strong arms can wield two-handed weapons with a shield.
You possess an exceptional clarity of mind.
Armour fits poorly on your strangely shaped body.
You are frail. (-10% HP)
You are strong-willed. (Will+)
Your system is resistant to poisons. (rPois)


Message History

Press: ? - help, Q - select action, (/) - cycle Shift-Dir - straight line, f/p - two-headed ogre
Aim: a two-headed ogre, wielding two +0 giant clubs (noxious fumes, lightly wounded, confused, 85% to hit)
You throw a poisoned dart.
The poisoned dart barely misses the two-headed ogre.
The two-headed ogre is engulfed in noxious fumes.
The two-headed ogre mumbles something.
Throw: 12 darts (poison)
Press: ? - help, Q - select action, (/) - cycle Shift-Dir - straight line, f/p - two-headed ogre
Aim: a two-headed ogre, wielding two +0 giant clubs (lightly wounded, confused, 85% to hit)
You throw a poisoned dart.
The poisoned dart hits the two-headed ogre.
The two-headed ogre is poisoned.
The two-headed ogre is lightly wounded.
The two-headed ogre looks very confused.
Your +2 dagger of venom {!f =f} begins to drip with poison!
c - a +2 dagger of venom (weapon)
{!f =f} You strike the helpless two-headed ogre from behind!
You puncture the two-headed ogre!
The two-headed ogre is heavily wounded.
The two-headed ogre seems less confused.
The two-headed ogre closely misses you.
The two-headed ogre hits you with a +0 giant club!
Unknown command.
Casting: Mephitic Cloud (dangerous; 9% risk of failure)
Confirm with . or Enter, or press ? or * to list all spells.
Aiming: Mephitic Cloud (dangerous; 9% risk of failure)
Press: ? - help, Shift-Dir - straight line, f/p - two-headed ogre
Aim: a two-headed ogre, wielding two +0 giant clubs (heavily wounded, poisoned, chance to affect: 53%)
The ball explodes into a vile cloud!
The stinking cloud engulfs the two-headed ogre.
The two-headed ogre is heavily wounded.
The stinking cloud engulfs you.
The two-headed ogre is engulfed in noxious fumes.
The two-headed ogre hits you with a +0 giant club!
The two-headed ogre hits you with a +0 giant club.
The two-headed ogre attacks as it pursues you!
The two-headed ogre hits you with a +0 giant club!!
* * * LOW HITPOINT WARNING * * *
The two-headed ogre hits you with a +0 giant club!!
You die...

********### ************ *,,,,,,,,..
*,,,,,,,,,,* #########**###*#######
*,,,,,,,,,,* #.§§....#*.O.,,#.....<
*,,,,,,,<,,* #§......##.#,*,#.#.###
*,,,,,,,,,,* #O..°°..#!(#,*,,,*,#..
*,,,,,,,,^,* #@.......(#*,*****,#..
*,,,,,,,,,,*** #....☼.)###*,,,,,*,#.#
*,,,,,,,,,,~~** #(...)..# *,***,*,#.#
*,,,,,,,,,,~~~**#########***,,,*,,,#..
*,,,,,,,,,,*~~~**,{,{,,,,,+,,******###
*,,,,,,,,,,,*~~~**,,,,,,,,+,** ###
*,,,,,,,,,,***~{~**,,,{,,,*** ###
**,,,,,********~~~**,,{,,,* ###
********,** *,**~~~**,,{,,* ###
*,,,,,,,,,* *,,**~~~**,,,,*** ###
*,,,,,,,,,*****,,,**~~~**,,,*,*#########
*,,,,,,,,,*,,,*,,,,**~~~**,,*,.#........
*,,,,,,,,,*,***,,,,,**~~~**,**..........
*,,,,,,,,,*,***,,{,,,**~~~*****#........
*,,,,,,,,,*,,,*,,,{,,,**~~~** #..)....>
*,,,,,,,,,+,*,+,,,,,,,,**~~~** #........
*,{,,,,,,,***,+,,,,,,,,,**~~~**#........
*,,,,,,,,,* ***###########*~{{*#........
*,,,,{,,,,* #.........#**~~*########.


You could see a two-headed ogre (poisoned).

Vanquished Creatures
  A wyvern (D:9)
  Edmund (D:4)
  An orc warrior (D:9)
  2 sky beasts
  A black bear (D:6)
  A centaur (D:7)
  2 kobold brigands
  3 scorpions
  Dowan (D:4)
  4 killer bees (D:9)
  5 howler monkeys
  An electric eel (D:7)
  A bombardier beetle (D:3)
  A hound (D:6)
  2 jellies
  Crazy Yiuf (D:4)
  A sleepcap (D:4)
  Ijyb (D:4)
  2 orc wizards (D:8)
  Natasha (twice) (D:4)
  4 gnolls (D:3)
  8 adders
  2 white imps
  2 ufetubi (D:5)
  2 dart slugs (D:1)
  14 orcs
  5 endoplasms
  5 giant cockroaches
  3 goblins
  11 hobgoblins
  3 jackals (D:3)
  17 kobolds
  5 quokkas
  10 ball pythons
  4 bats
  7 frilled lizards
  7 rats
143 creatures vanquished.

Vanquished Creatures (others)
  An iguana (D:5)
1 creature vanquished.

Grand Total: 144 creatures vanquished

Notes
Turn   | Place    | Note
-------+----------+-------------------------------------------
     0 | D:5      | petzl the Formicid Delver began the quest for the Orb.
     0 | D:5      | Reached XP level 1. HP: 18/18 MP: 1/1
   230 | D:1      | Noticed a minotaur skeleton
   249 | D:1      | Noticed a minotaur skeleton
   282 | D:1      | Reached skill level 1 in Spellcasting
   350 | D:1      | Reached XP level 2. HP: 24/24 MP: 4/4
   474 | D:1      | Reached skill level 2 in Spellcasting
   675 | D:1      | Reached XP level 3. HP: 27/29 MP: 6/6
  1101 | D:2      | Reached skill level 1 in Ranged Weapons
  1178 | D:2      | Reached skill level 3 in Spellcasting
  1178 | D:2      | Reached XP level 4. HP: 28/35 MP: 8/8
  1311 | D:2      | Found a faded altar of an unknown god.
  2304 | D:3      | Reached XP level 5. HP: 41/41 MP: 10/10
  2534 | D:3      | You fall into a shaft and drop 1 floor!
  2686 | D:4      | Noticed Edmund
  2771 | D:4      | Killed Edmund
  2772 | D:4      | Reached skill level 4 in Spellcasting
  2772 | D:4      | Reached XP level 6. HP: 44/47 MP: 10/12
  3365 | D:4      | Reached XP level 7. HP: 38/52 MP: 14/14
  3434 | D:4      | Noticed Ijyb
  3444 | D:4      | Reached skill level 5 in Spellcasting
  3514 | D:4      | Killed Ijyb
  3642 | D:4      | Found a runed translucent door.
  3643 | D:4      | Noticed Crazy Yiuf
  3834 | D:4      | Noticed Duvessa
  3834 | D:4      | Noticed Dowan
  3838 | D:4      | Killed Dowan
  4087 | D:4      | Noticed Natasha
  4096 | D:4      | Killed Natasha
  4358 | D:4      | Killed Crazy Yiuf
  4359 | D:4      | Reached skill level 6 in Spellcasting
  4476 | D:4      | Noticed Natasha
  4485 | D:4      | Killed Natasha
  4668 | D:5      | Gained mutation: You are frail. (-10% HP) [potion of
                  | mutation]
  4668 | D:5      | Gained mutation: You have hidden genetic potential. [potion
                  | of mutation]
  4668 | D:5      | Gained mutation: Armour fits poorly on your strangely
                  | shaped body. [potion of mutation]
  4668 | D:5      | Gained mutation: You possess an exceptional clarity of
                  | mind. [potion of mutation]
  4682 | D:6      | Reached skill level 7 in Spellcasting
  4682 | D:6      | Reached XP level 8. HP: 52/52 MP: 18/18
  4698 | D:6      | Found Qeuwkeog's Book Shoppe.
  5601 | D:5      | You fall into a shaft and drop 1 floor!
  5712 | D:6      | Found Anuem's Antique Armour Boutique.
  5717 | D:6      | Bought a pair of boots for 103 gold pieces
  5726 | D:6      | Found Moviugae's General Store.
  5746 | D:6      | Bought a scroll of identify for 24 gold pieces
  5746 | D:6      | Bought a scroll of identify for 24 gold pieces
  5817 | D:6      | Noticed a yak
  5822 | D:6      | Noticed a yak
  5868 | D:4      | You fall into a shaft and drop 3 floors!
  5923 | D:7      | Reached skill level 8 in Spellcasting
  5958 | D:8      | Noticed a wyvern
  6053 | D:7      | Gained mutation: You are strong-willed. (Will+) [hidden
                  | potential]
  6228 | D:8      | Noticed a hornet
  6280 | D:7      | Noticed a water elemental
  6281 | D:7      | Noticed a water elemental
  6320 | D:7      | Noticed a merfolk
  6349 | D:7      | Reached skill level 9 in Spellcasting
  6411 | D:8      | Noticed a two-headed ogre
  6411 | D:8      | Found Yshriac's Armour Emporium.
  6415 | D:8      | Noticed Joseph
  6689 | D:7      | Noticed a water elemental
  6718 | D:7      | You fall into a shaft and drop 2 floors!
  6803 | D:9      | Reached XP level 9. HP: 51/57 MP: 22/22
  6875 | D:9      | Reached skill level 10 in Spellcasting
  6939 | D:9      | Found a staircase to the Orcish Mines.
  6984 | D:9      | Gained mutation: Your system is resistant to poisons.
                  | (rPois) [hidden potential]
  6984 | D:9      | Lost mutation: You have hidden genetic potential. [hidden
                  | potential expressed]
  7053 | D:9      | Noticed a two-headed ogre
  7095 | D:8      | Learned a level 3 spell: Mephitic Cloud
  7099 | D:8      | Learned a level 3 spell: Ozocubu's Armour
  7138 | D:8      | Reached skill level 1 in Alchemy
  7240 | D:7      | You fall into a shaft and drop 2 floors!
  7304 | D:9      | Reached skill level 1 in Conjurations
  7304 | D:9      | Reached skill level 1 in Air Magic
  7323 | D:9      | Mangled by a two-headed ogre

Illustrated notes

Levels and vault maps discovered:
D:1:      shiori_arrival_whats_in_store_for_you, layout_loops_ring,
          hangedman_decor_growths, serial_park_tiny_pond
D:2:      layout_basic, ebering_ecumenical_altar_mist, minmay_misc_feat_columns
D:3:      layout_basic
D:4:      minmay_door_path, layout_loops_ring,
          mainiacjoe_sewer_entry_somewhere_in_here_1, minmay_misc_feat_alley,
          uniq_edmund, uniq_natasha, uniq_ijyb, uniq_crazy_yiuf_cottage,
          uniq_duvessa
D:5:      layout_layer_cave, moated_statue
D:6:      layout_gridville, minmay_temple_entry_nine_rooms, serial_shops,
          nicolae_shop_rolling_square, shop, shop
D:7:      layout_basic, chei_slow_surprise, nicolae_rank_and_phial
D:8:      layout_rooms, serial_shops, shop_statue, uniq_amaemon, uniq_joseph
D:9:      layout_roguey, orc_0_dummy, kennysheep_opposing_triangles

Skill      XL: |  1  2  3  4  5  6  7  8  9 |
---------------+----------------------------+-----
Spellcasting   | 1 2 3 4 7 9 10 | 10.5
Ranged Weapons | 1 2 3 4 |  4.0
Dodging        | 2 |  2.2
Alchemy        | 1 |  1.7
Conjurations   | 1 |  1.1
Air Magic      | 1 |  1.0
Fighting       | |  3.2
Maces & Flails | |  2.0
Stealth        | |  6.0

Action                     |  1- 3 |  4- 6 |  7- 9 || total
---------------------------+-------+-------+-------++-------
  Melee: Mace              |    44 |       |       ||    44
         Dagger            |     7 |    62 |    81 ||   150
         Whip              |       |     3 |       ||     3
         Quarterstaff      |       |       |    91 ||    91
   Fire: Sling             |    14 |   136 |   100 ||   250
         Shortbow          |       |       |    62 ||    62
  Throw: Dart              |       |       |     8 ||     8
         Throwing net      |       |       |     1 ||     1
   Cast: Mephitic Cloud    |       |       |     3 ||     3
         Ozocubu's Armour  |       |       |     1 ||     1
Ability: Dig               |       |     3 |     4 ||     7
         Shaft Self        |       |     1 |     4 ||     5
  Evoke: Wand              |       |       |    11 ||    11
    Use: Scroll            |       |     1 |     9 ||    10
         Potion            |       |       |     7 ||     7
   Stab: Sleeping          |     8 |       |     3 ||    11
         Confused          |       |       |     1 ||     1
         Petrified         |       |       |     1 ||     1
 Armour: Leather armour    |    28 |    65 |   190 ||   283
  Dodge: Dodged            |    29 |    84 |   159 ||   272

Table legend: (Time is in decaauts)
 A = Elapsed time spent in this place.
 B = Non-inter-level travel time spent in this place.
 C = Inter-level travel time spent in this place.
 D = Time resting spent in this place.
 E = Time spent auto-exploring this place.
 F = Levels seen in this place.
 G = Mean time per level.
                   A        B        C        D        E       F      G
               +--------+--------+--------+--------+--------+-----+--------+
         Total |   7396 |   7045 |    351 |    899 |   3646 |   9 |  821.8 |
       Dungeon |   7396 |   7045 |    351 |    899 |   3646 |   9 |  821.8 |
               +--------+--------+--------+--------+--------+-----+--------+

Top non-repeatable levels by time:
     D:4: 1656 daAuts
     D:5: 1083 daAuts
     D:3: 1027 daAuts
     D:2: 1006 daAuts
     D:1: 866 daAuts
     D:7: 860 daAuts
     D:9: 447 daAuts
     D:6: 291 daAuts
     D:8: 155 daAuts
